Map: Orbital Shipyard

Players

Clem

  • Race: Protoss Protoss
  • League: Grandmaster

MythiC - Winner!

  • Race: Terran Terran
  • League: Grandmaster

VOD

Have the link to the VOD?

Description

Time

  • Played on: Feb. 18, 2016, 3:11 p.m.
  • Length: 12:51
Show
View Real Time Build Order
Export as new Build Order

Clem Protoss 

Build Orders: 1 Gate Expand, Phoenix Opening 

Get SALT Encoding   

  12  0:01  Probe (Chrono Boost)  
  13  0:12  Probe (Chrono Boost)  
  14  0:17  Pylon  
  14  0:22  Probe (Chrono Boost)  
  16  0:35  Probe (Chrono Boost)  
  16  0:40  Gateway  
  16  0:42  Assimilator  
  16  0:46  Probe (Chrono Boost)  
  17  0:56  Probe (Chrono Boost)  
  18  1:07  Probe (Chrono Boost)  
  19  1:18  Nexus  
  19  1:24  Probe (Chrono Boost)  
  20  1:30  Cybernetics Core  
  20  1:36  Probe (Chrono Boost)  
  21  1:41  Assimilator  
  22  1:47  Probe (Chrono Boost)  
  22  1:48  Pylon  
  22  1:57  Probe (Chrono Boost)  
  23  2:06  Warp Gate, Adept (Chrono Boost)  
  25  2:09  Probe  
  26  2:21  Probe  
  27  2:27  Stargate  
  27  2:33  Probe x2 (Chrono Boost)  
  29  2:44  Probe (Chrono Boost)  
  29  2:48  Mothership Core (Chrono Boost)  
  32  2:51  Adept  
  32  2:55  Probe (Chrono Boost)  
  35  3:05  Probe (Chrono Boost)  
  36  3:06  Probe (Chrono Boost)  
  36  3:10  Pylon  
  36  3:12  Phoenix (Chrono Boost)  
  39  3:14  Probe  
  39  3:17  Probe  
  41  3:20  Pylon  
  41  3:25  Probe  
  42  3:29  Probe  
  45  3:34  Phoenix (Chrono Boost)  
  45  3:35  Probe  
  45  3:41  Pylon, Probe  
  46  3:46  Probe  
  48  3:48  Gateway  
  48  3:50  Gateway  
  48  3:55  Twilight Council, Probe  
  48  3:56  Probe  
  50  4:06  Assimilator  
  50  4:07  Assimilator  
  50  4:08  Phoenix (Chrono Boost), Probe  
  53  4:10  Probe  
  53  4:15  Pylon  
  54  4:19  Pylon  
  54  4:20  Probe  
  54  4:21  Probe  
  56  4:27  Phoenix (Chrono Boost)  
  58  4:35  Probe x2  
  60  4:44  Nexus  
  60  4:47  Resonating Glaives (Chrono Boost), Probe  
  60  4:50  Probe  
  62  4:53  Phoenix  
  62  4:59  Probe  
  65  5:02  Probe  
  66  5:08  Pylon  
  66  5:11  Probe  
  67  5:14  Probe  
  67  5:19  Adept x2  
  67  5:20  Adept  
  74  5:25  Phoenix  
  74  5:26  Forge x2  
  76  5:29  Probe  
  76  5:33  Probe  
  78  5:41  Probe  
  79  5:44  Pylon x2  
  79  5:46  Phoenix  
  79  5:52  Robotics Facility  
  81  5:58  Adept x2  
  81  5:59  Adept  
  87  6:04  Probe x3  
  87  6:05  Pylon  
  87  6:09  Phoenix  
  90  6:15  Protoss Ground Weapons Level 1 (Chrono Boost), Probe  
  90  6:16  Protoss Ground Armor Level 1 (Chrono Boost), Probe x2  
  93  6:27  Probe, Assimilator x2  
  93  6:28  Probe  
  93  6:30  Blink  
  95  6:34  Adept x2  
  95  6:36  Adept  
  95  6:38  Phoenix  
  101  6:42  Probe  
  101  6:46  Probe  
  105  6:52  Immortal (Chrono Boost)  
  109  6:55  Adept x2  
  109  7:00  Gateway  
  113  7:01  Gateway  
  113  7:03  Pylon  
  113  7:08  Pylon, Phoenix  
  113  7:12  Probe x2  
  113  7:15  Probe  
  118  7:16  Adept x2  
  118  7:18  Adept  
  120  7:27  Templar Archives  
  120  7:29  Immortal (Chrono Boost)  
  124  7:36  Gateway  
  124  7:38  Gateway  
  124  7:49  Protoss Ground Weapons Level 2  
  124  7:55  Psionic Storm  
  124  8:00  Adept x2  
  124  8:01  Adept  
  124  8:02  Immortal (Chrono Boost)  
  134  8:06  Protoss Ground Armor Level 2  
  134  8:12  Nexus  
  134  8:13  Pylon  
  134  8:19  Pylon  
  134  8:20  Pylon  
  134  8:22  Pylon  
  134  8:26  High Templar, Zealot x2  
  140  8:31  Charge  
  140  8:41  Pylon  
  138  8:44  High Templar x2, Zealot x2  
  146  8:49  Pylon  
  146  8:52  Immortal (Chrono Boost)  
  150  8:56  Pylon  
  150  9:01  High Templar  
  150  9:02  Zealot x2  
  152  9:04  Pylon  
  152  9:14  Pylon  
  152  9:15  Pylon, Assimilator  
  152  9:16  Pylon  
  148  9:30  Adept  
  148  9:31  Adept x5  
  140  9:38  Nexus  
  130  9:48  Stalker  
  130  9:53  High Templar x3  
  135  10:01  Observer (Chrono Boost)  
  136  10:12  Nexus  
  136  10:14  Pylon  
  136  10:17  Probe x2  
  133  10:29  Probe  
  134  10:36  Photon Cannon x3  
  134  10:37  High Templar x2, Zealot x2  
  134  10:38  Zealot x2  
  134  10:41  Probe  
  147  10:43  High Templar  
  147  10:49  Warp Prism (Chrono Boost)  
  117  11:18  Zealot x4  
  79  11:20  Zealot  
  77  11:28  Immortal (Chrono Boost)  
  69  11:37  High Templar x2  
  73  11:41  Zealot x2, Archon  
  77  11:48  Assimilator  
  77  11:50  High Templar x3  
  83  11:57  Archon  
  83  12:00  Probe  
  83  12:02  Immortal (Chrono Boost)  
  88  12:11  Probe  
  88  12:15  Zealot x2  
  93  12:21  Probe  
  93  12:22  High Templar  
  89  12:23  High Templar, Zealot x2  
  89  12:28  Zealot  
  98  12:35  Gateway  
  96  12:40  Zealot x2  
Show
View Real Time Build Order
Export as new Build Order

MythiC Terran - Winner!

Build Orders: Reaper Expand, MMM Bio 

Get SALT Encoding   

  12  0:00  SCV  
  13  0:12  SCV  
  14  0:17  Supply Depot  
  14  0:25  SCV  
  15  0:39  SCV  
  15  0:41  Barracks  
  16  0:44  Refinery  
  16  0:51  SCV  
  17  1:03  SCV  
  18  1:16  SCV  
  19  1:28  Orbital Command  
  19  1:29  Reaper  
  20  1:44  Command Center  
  20  1:54  SCV  
  21  1:59  Supply Depot  
  21  2:03  Barracks Reactor  
  21  2:06  Refinery, SCV  
  22  2:18  SCV  
  23  2:24  Factory  
  23  2:30  SCV  
  24  2:40  Marine x2  
  24  2:42  SCV  
  27  2:54  SCV  
  28  2:59  Marine x2  
  28  3:03  Orbital Command  
  29  3:06  SCV  
  29  3:09  Widow Mine, Starport  
  32  3:18  SCV, Marine x2  
  32  3:19  Supply Depot  
  35  3:30  SCV  
  35  3:33  SCV  
  37  3:39  Marine x2  
  39  3:42  SCV  
  39  3:43  Widow Mine  
  39  3:45  SCV, Medivac  
  45  3:54  Supply Depot, SCV  
  46  3:57  SCV  
  47  4:03  Command Center  
  47  4:04  Marine  
  47  4:05  Marine  
  47  4:06  SCV  
  50  4:11  SCV  
  51  4:17  Supply Depot  
  51  4:18  SCV  
  51  4:20  Factory Tech Lab  
  51  4:21  Marine  
  51  4:22  Marine  
  51  4:24  SCV  
  55  4:31  SCV  
  55  4:36  SCV  
  56  4:42  Marine x2  
  56  4:43  SCV  
  59  4:48  SCV, Barracks  
  59  4:49  Barracks  
  59  4:53  Factory Tech Lab  
  59  4:55  SCV  
  59  4:56  Engineering Bay  
  59  4:59  Engineering Bay  
  60  5:00  SCV  
  60  5:05  Marine x2  
  61  5:07  SCV  
  61  5:12  SCV  
  63  5:15  Orbital Command, Refinery  
  63  5:16  Refinery  
  63  5:19  SCV  
  63  5:20  Starport Reactor  
  64  5:24  SCV, Barracks  
  64  5:26  Barracks  
  65  5:29  Terran Infantry Weapons Level 1  
  65  5:30  Terran Infantry Armor Level 1  
  65  5:31  Factory Reactor, SCV  
  65  5:35  Marine x2  
  66  5:46  SCV  
  66  5:49  SCV  
  68  5:50  Marauder, Stimpack  
  68  5:52  SCV  
  68  5:54  Missile Turret  
  70  5:58  SCV  
  70  6:01  SCV  
  70  6:03  Missile Turret  
  72  6:07  Medivac x2, Marine x2  
  72  6:08  Widow Mine x2  
  81  6:12  Marauder, SCV  
  81  6:15  Barracks Reactor  
  83  6:18  SCV  
  83  6:23  Orbital Command  
  83  6:24  SCV  
  83  6:26  Barracks Reactor  
  83  6:30  SCV  
  83  6:32  Marine x2  
  85  6:45  Marine  
  85  6:51  Missile Turret  
  85  6:55  Supply Depot x2  
  85  6:58  Supply Depot  
  85  6:59  Marine x3  
  85  7:00  Combat Shields, SCV x3  
  85  7:01  Marauder  
  93  7:09  Refinery  
  93  7:12  Armory  
  93  7:16  Marauder, SCV x3, Marine x3  
  93  7:17  Marine x2  
  103  7:25  Marauder, Widow Mine, Marine  
  103  7:26  Supply Depot  
  103  7:28  SCV x2  
  110  7:30  SCV, Barracks  
  110  7:34  Medivac x2  
  115  7:40  SCV x2  
  117  7:48  Marauder, SCV, Marine x3  
  123  7:52  SCV  
  123  7:54  Liberator, Marine  
  125  8:02  Liberator  
  125  8:09  Supply Depot, Terran Infantry Weapons Level 2, Terran Infantry Armor Level 2  
  125  8:10  Supply Depot, Refinery  
  125  8:11  Terran Ship Weapons Level 1, Marine x2  
  125  8:12  Marauder  
  132  8:16  Supply Depot  
  132  8:17  Marine  
  132  8:18  Supply Depot  
  132  8:19  Marine x2, Barracks Tech Lab  
  140  8:20  Marauder  
  140  8:22  Starport  
  140  8:23  Marine  
  140  8:29  Marine  
  140  8:30  Widow Mine x2  
  140  8:33  Marauder  
  147  8:39  Liberator, Marine x2  
  147  8:40  Marauder  
  151  8:42  Marauder, Marine x3  
  151  8:44  Concussive Shells  
  151  8:47  Marine  
  157  8:55  Marauder  
  159  8:57  Marine x2  
  159  9:01  Marauder, Starport Reactor  
  159  9:02  Marine x2  
  166  9:03  Marauder  
  170  9:19  Marauder, Marine  
  170  9:21  Ghost Academy, Command Center  
  173  9:28  Marine  
  173  9:29  Marine  
  173  9:31  Marine  
  173  9:36  Liberator x2  
  173  9:47  Missile Turret  
  173  9:53  Marine x3  
  173  9:54  Supply Depot, Marauder, Marine  
  173  9:55  Supply Depot, Widow Mine  
  173  9:56  Marine  
  173  9:57  Marauder, Marine  
  181  10:12  Marauder  
  181  10:13  Widow Mine  
  181  10:14  Marine  
  181  10:16  Liberator, Marauder  
  181  10:18  Marauder, Marine x5  
  181  10:19  Liberator x2  
  194  10:28  Medivac  
  191  11:09  Marine x2  
  191  11:10  Marauder, Marine  
  191  11:11  Marauder, Marine  
  174  11:14  Liberator x3  
  174  11:16  Marauder, Marine x2  
  174  11:18  Widow Mine x2  
  144  11:27  Marine x2  
  144  11:28  Marine x2  
  144  11:31  Marauder  
  144  11:32  Marauder  
  145  11:34  Marine x2  
  145  11:38  Marauder  
  144  11:40  Planetary Fortress  
  144  11:45  Marine x2  
  144  11:46  Marine  
  144  11:47  Marine  
  147  11:52  Marine x2  
  147  11:53  Marauder  
  147  11:54  Marauder  
  154  11:59  Marauder  
  156  12:03  Marine x2  
  156  12:04  Marine x2  
  160  12:09  Marine x2  
  160  12:11  Missile Turret  
  160  12:13  Missile Turret x2  
  160  12:14  Marauder  
  160  12:15  Marine  
  165  12:21  Marauder, Marine x2  
  165  12:22  Marine  
  170  12:23  Refinery, Marine  
  170  12:25  Refinery  
  170  12:26  Command Center  
  170  12:27  Marine  
  172  12:30  Marine  
Tags
 
Add a new tag
Caveats
  • Supply blocks, unpowered buildings, or Contaminate may cause inaccurate times.
  • Supply counts are checked every 10 seconds.